 Dungeon Crawl Stone Soup version 0.20-a0-1089-g3fde505 (webtiles) character file.

84 Alarkh the Chopper (level 4, -5/35 HPs)
             Began as a Demonspawn Monk on May 2, 2017.
             Slain by Terence
             ... wielding a +0 mace
              (6 damage)
             ... on level 2 of the Dungeon.
             The game lasted 00:03:02 (4105 turns).

Alarkh the Chopper (Demonspawn Monk)                Turns: 4105, Time: 00:03:03

Health: -5/35      AC:  5    Str: 12    XL:     4   Next: 23%
Magic:  4/4        EV: 11    Int: 12    God:
Gold:   73         SH:  0    Dex: 15    Spells: 3/3 levels left

rFire    . . .     SeeInvis .   a - +0 hand axe
rCold    . . .     Gourm    .   (no shield)
rNeg     . . .     Faith    .   g - +0 ring mail (curse)
rPois    .         Spirit   .   (no helmet)
rElec    .         Reflect  .   (no cloak)
rCorr    .         Harm     .   (no gloves)
MR       .....                  (no boots)
Stlth    +.........             (no amulet)
Regen    0.2/turn               (no ring)
MPRegen  0.1/turn               (no ring)

@: drained
A: talons 1
a: no special abilities


You were on level 2 of the Dungeon.
You were not hungry.

You visited 1 branch of the dungeon, and saw 3 of its levels.

You collected 73 gold pieces.

Inventory:

Hand Weapons
 a - a +0 hand axe (weapon)
Armour
 b - a +0 robe
 g - a cursed +0 ring mail (worn)
Scrolls
 e - a scroll of identify
 h - a scroll of remove curse {unknown}
 j - a scroll of teleportation
Potions
 i - a potion of agility
 k - a potion of magic
 l - a potion of mutation {unknown}
 n - a potion of invisibility {unknown}
Comestibles
 c - 2 bread rations
 d - 2 meat rations
 f - a royal jelly
 m - a chunk of flesh


   Skills:
 - Level 3.0(2.3) Fighting
 + Level 4.6(3.9) Axes
 - Level 2.6(2.0) Dodging
 - Level 1.7(1.1) Stealth


You had 3 spell levels left.
You didn't know any spells.

Dungeon Overview and Level Annotations

Branches:
Dungeon (3/15)

Altars:

Annotations:
D:2 Terence


Innate Abilities, Weirdness & Mutations

You have sharp toenails.


Message History

You hit Terence but do no damage. Your kick misses Terence.
Terence is almost dead.
Terence closely misses you.
You hit Terence but do no damage.
Terence is almost dead.
Terence closely misses you.
You barely miss Terence. Your kick misses Terence.
Terence is almost dead.
Terence barely misses you.
You hit Terence but do no damage.
Terence is almost dead.
Terence hits you but does no damage.
You hit Terence but do no damage. You claw Terence, but do no damage.
Terence is almost dead.
Terence hits you with a mace.
* * * LOW HITPOINT WARNING * * *
You hit Terence but do no damage.
Terence is almost dead.
Terence hits you with a mace.
You die...

### #.................#.#..... #
#.................#%#..... #
######...#..#..<......#... #
....###..#.....#.#.....
.#..#.............)....
..#..##.####..#......#..
#.......# #.#....... #...@.#.###
#......#.. #@# ... #......#..
#.####.##......... #####
#...#...>......### #...#
###.#.#..#..###### #...#
#.#..[......<...
#...##############.###.##.######.
.......................##........
..(.............###....).....##..
..#.............# #..........##..


You could see Terence.

Vanquished Creatures
  2 adders
  An ooze (D:1)
  2 worms (D:2)
  2 dart slugs (D:1)
  A leopard gecko (D:1)
  A giant cockroach (D:2)
  5 goblins
  4 hobgoblins
  2 quokkas (D:2)
  6 bats
  6 frilled lizards
  16 kobolds
  3 rats
51 creatures vanquished.

Notes
Turn   | Place    | Note
-------+----------+-------------------------------------------
     0 | D:1      | Alarkh the Demonspawn Monk began the quest for the Orb.
     0 | D:1      | Reached XP level 1. HP: 18/18 MP: 1/1
   101 | D:1      | Reached skill level 3 in Axes
   574 | D:1      | Gained mutation: You have sharp toenails. [demonic ancestry]
   574 | D:1      | Reached XP level 2. HP: 12/24 MP: 2/2
  2031 | D:1      | Reached XP level 3. HP: 9/29 MP: 3/3
  2402 | D:2      | Reached skill level 4 in Axes
  3180 | D:2      | Noticed Terence
  3683 | D:2      | Reached XP level 4. HP: 29/35 MP: 4/4
  4104 | D:2      | HP: 1/35 [Terence/mace (6)]
  4105 | D:2      | Slain by Terence

Vault maps used:
D:1:      dpeg_arrival_oval
D:2:      first_bread, uniq_robin, uniq_terence

Skill      XL: |  1  2  3 |
---------------+----------+-----
Axes           | 3 4 |  4.6
Fighting       | |  3.0
Dodging        | |  2.6
Stealth        | |  1.7

Action                   |  1- 3 |  4- 6 || total
-------------------------+-------+-------++-------
Melee: Hand axe          |   155 |    45 ||   200
       Kick              |    29 |    14 ||    43
  Use: Potion            |     2 |       ||     2
       Scroll            |     1 |       ||     1
 Stab: Sleeping          |     1 |       ||     1
  Eat: Chunk             |     6 |     2 ||     8
       Fruit             |     2 |       ||     2
Armor: Robe              |    16 |       ||    16
       Ring mail         |     6 |     6 ||    12
Dodge: Dodged            |   114 |    18 ||   132
